| TOP OF THE 1ST |
|
Lewiston Broncs batting - Pitching for Tri-City Dust Devils : RHP John Martinez
|
|
Pitching: RHP John Martinez
|
|
|
Batting: LHB Wayne Kirby
|
0-0: Called Strike 0-1: SINGLE (Groundball, 56D, EV 103.8 MPH)
|
|
Batting: LHB Alex Hernandez
|
0-0: Ball 1-0: Fielders Choice at 2nd, 6-4 (Groundball, 6, EV 87.5 MPH)
|
|
Batting: RHB Jeff Kunkel
|
0-0: DOUBLE (Line Drive, 7LS, EV 91.9 MPH) Alex Hernandez to third Runner from 3rd tries for Home, SAFE, throw by LF to trailing runner, SAFE at third!
|
|
Batting: RHB Bruce Castoria
|
0-0: Called Strike 0-1: Foul Ball, location: 2F 0-2: Strikes out swinging
|
|
Batting: LHB Nestor Moreno
|
0-0: Called Strike 0-1: Ball 1-1: Ball 2-1: Ball 3-1: SINGLE (Line Drive, 8LM, EV 91.9 MPH) Jeff Kunkel scores
|
|
Batting: RHB Sal D'Alessandro
|
0-0: Ball 1-0: Fielders Choice at 2nd, 6-4 (Groundball, 6, EV 101.3 MPH)
|
| Top of the 1st over - 2 runs, 3 hits, 0 errors, 1 left on base; Lewiston 2 - Tri-City 0 |
| BOTTOM OF THE 1ST |
|
Tri-City Dust Devils batting - Pitching for Lewiston Broncs : RHP Wray Bergendahl
|
|
Pitching: RHP Wray Bergendahl
|
|
|
Batting: LHB LaVel Freeman
|
0-0: Ground out 3-1 (Groundball, 34, EV 90.0 MPH)
|
|
Batting: RHB Dave Lebeau
|
0-0: Called Strike 0-1: Fly out, F2 (Popup, 23F, EV 87.5 MPH)
|
|
Batting: RHB Mark Van Blaricom
|
0-0: Called Strike 0-1: Ball 1-1: Ball 2-1: Fly out, F9 (Flyball, 9, EV 86.3 MPH)
|
| Bottom of the 1st over - 0 runs, 0 hits, 0 errors, 0 left on base; Lewiston 2 - Tri-City 0 |
| TOP OF THE 2ND |
|
Lewiston Broncs batting - Pitching for Tri-City Dust Devils : RHP John Martinez
|
|
Batting: RHB Julio Marin
|
0-0: SINGLE (Groundball, 56D, EV 102.5 MPH)
|
|
Batting: RHB Steven Spalt
|
0-0: Ball 1-0: Called Strike 1-1: Ball 2-1: Ball 3-1: Foul Ball, location: 2F 3-2: Ground out 4-3 (Groundball, 34, EV 104.4 MPH) Julio Marin to second
|
|
Batting: RHB Jay Roberts
|
0-0: Ball 1-0: SINGLE (Groundball, 56D, EV 106.9 MPH) Julio Marin to third Runner from 3rd tries for Home, SAFE, throw by LF to home
|
|
Batting: LHB Wayne Kirby
|
0-0: Called Strike 0-1: Ball 1-1: Ball 2-1: Ball 3-1: Base on Balls Jay Roberts to second
|
|
Batting: LHB Alex Hernandez
|
0-0: Called Strike 0-1: SINGLE (Flyball, 7LS, EV 96.9 MPH) Jay Roberts to third Wayne Kirby to second Runner from 3rd tries for Home, SAFE, throw by LF to home
|
|
Batting: RHB Jeff Kunkel
|
0-0: Fly out, F8 (Flyball, 89D, EV 95.6 MPH) Runner from 2nd tags up, SAFE at 3rd, no throw by CF
|
|
Batting: RHB Bruce Castoria
|
0-0: Ball 1-0: Foul Ball, location: 2F 1-1: Ball 2-1: Called Strike 2-2: Foul Ball, location: 2F 2-2: Ball 3-2: Strikes out swinging
|
| Top of the 2nd over - 2 runs, 3 hits, 0 errors, 2 left on base; Lewiston 4 - Tri-City 0 |
| BOTTOM OF THE 2ND |
|
Tri-City Dust Devils batting - Pitching for Lewiston Broncs : RHP Wray Bergendahl
|
|
Now at 3B: James Sanfilippo
|
|
|
Batting: RHB Robert Martinez
|
0-0: Ball 1-0: Called Strike 1-1: Ball 2-1: Foul Ball, location: 2F 2-2: Ground out 3-1 (Groundball, 34, EV 78.8 MPH)
|
|
Batting: RHB Desmond Brooks
|
0-0: Called Strike 0-1: Foul Ball, location: 2F 0-2: Ball 1-2: Ball 2-2: Ball 3-2: Base on Balls
|
|
Batting: RHB J.B. Moore
|
0-0: Ball 1-0: Ball 2-0: SINGLE (Groundball, 34D, EV 102.5 MPH) Desmond Brooks to second Runner from 2nd tries for 3rd, SAFE, no throw by RF
|
|
Batting: LHB Kevin Jones
|
0-0: Fielders Choice at 2nd, 5-4 (Groundball, 5, EV 88.8 MPH) Desmond Brooks scores
|
|
Batting: RHB Felipe Hernandez
|
0-0: Called Strike 0-1: Called Strike 0-2: Strikes out swinging
|
| Bottom of the 2nd over - 1 run, 1 hit, 0 errors, 1 left on base; Lewiston 4 - Tri-City 1 |
| TOP OF THE 3RD |
|
Lewiston Broncs batting - Pitching for Tri-City Dust Devils : RHP John Martinez
|
|
Batting: LHB Nestor Moreno
|
0-0: SINGLE (Line Drive, 8LM, EV 90.6 MPH)
|
|
Batting: RHB Sal D'Alessandro
|
0-0: Called Strike 0-1: Ball 1-1: Swinging Strike 1-2: Ball 2-2: Foul Ball, location: 2F 2-2: Ball 3-2: Ground out 6-3 (Groundball, P, EV 90.0 MPH) Nestor Moreno to second
|
|
Batting: RHB James Sanfilippo
|
0-0: Ball 1-0: Ball 2-0: Ball 3-0: Called Strike 3-1: Base on Balls
|
|
Batting: RHB Steven Spalt
|
0-0: Foul Ball, location: 2F 0-1: Ball 1-1: Ball 2-1: Fly out, F6 (Popup, 6MD, EV 55.0 MPH)
|
|
Batting: RHB Jay Roberts
|
0-0: Ball 1-0: Ball 2-0: Called Strike 2-1: Ground out 3-1 (Groundball, 34, EV 98.8 MPH)
|
| Top of the 3rd over - 0 runs, 1 hit, 0 errors, 2 left on base; Lewiston 4 - Tri-City 1 |
| BOTTOM OF THE 3RD |
|
Tri-City Dust Devils batting - Pitching for Lewiston Broncs : RHP Wray Bergendahl
|
|
Batting: RHB Jeff DeWillis
|
0-0: Called Strike 0-1: Called Strike 0-2: Strikes out swinging
|
|
Batting: LHB LaVel Freeman
|
0-0: Ball 1-0: Bunt missed! 1-1: Foul Ball, location: 2F 1-2: Fly out, F4 (Line Drive, 4, EV 67.5 MPH)
|
|
Batting: RHB Dave Lebeau
|
0-0: Ball 1-0: Foul Ball, location: 2F 1-1: Ground out 5-3 (Groundball, 56, EV 106.9 MPH)
|
| Bottom of the 3rd over - 0 runs, 0 hits, 0 errors, 0 left on base; Lewiston 4 - Tri-City 1 |
| TOP OF THE 4TH |
|
Lewiston Broncs batting - Pitching for Tri-City Dust Devils : RHP John Martinez
|
|
Batting: LHB Wayne Kirby
|
0-0: Called Strike 0-1: Ground out 4-3 (Groundball, 4, EV 84.4 MPH)
|
|
Batting: LHB Alex Hernandez
|
0-0: Ball 1-0: Called Strike 1-1: Called Strike 1-2: Strikes out swinging
|
|
Batting: RHB Jeff Kunkel
|
0-0: Ball 1-0: Ball 2-0: SINGLE (Groundball, 25, EV 74.4 MPH) (infield hit)
|
|
Batting: RHB Bruce Castoria
|
0-0: Ball Jeff Kunkel steals 2nd base 1-0: Swinging Strike 1-1: Called Strike 1-2: Ball Wild Pitch! Jeff Kunkel to third 2-2: Strikes out swinging
|
| Top of the 4th over - 0 runs, 1 hit, 0 errors, 1 left on base; Lewiston 4 - Tri-City 1 |
| BOTTOM OF THE 4TH |
|
Tri-City Dust Devils batting - Pitching for Lewiston Broncs : RHP Wray Bergendahl
|
|
Batting: RHB Mark Van Blaricom
|
0-0: Ball 1-0: Ball 2-0: Ball 3-0: Base on Balls
|
|
Batting: RHB Robert Martinez
|
0-0: Fly out, F9 (Flyball, 9, EV 89.4 MPH)
|
|
Batting: RHB Desmond Brooks
|
0-0: Called Strike Mark Van Blaricom steals 2nd base 0-1: Ball 1-1: Ball 2-1: Ball 3-1: Base on Balls
|
|
Batting: RHB J.B. Moore
|
0-0: Ball 1-0: Ball 2-0: Ball 3-0: Called Strike 3-1: Called Strike 3-2: Ground out 4-3 (Groundball, 4S, EV 71.3 MPH) Mark Van Blaricom to third Desmond Brooks to second
|
|
Batting: LHB Kevin Jones
|
0-0: Called Strike 0-1: Swinging Strike 0-2: Strikes out swinging
|
| Bottom of the 4th over - 0 runs, 0 hits, 0 errors, 2 left on base; Lewiston 4 - Tri-City 1 |
| TOP OF THE 5TH |
|
Lewiston Broncs batting - Pitching for Tri-City Dust Devils : RHP John Martinez
|
|
Batting: LHB Nestor Moreno
|
0-0: Ball 1-0: Ball 2-0: Ball 3-0: Base on Balls
|
|
Batting: RHB Sal D'Alessandro
|
0-0: Called Strike 0-1: SINGLE (Line Drive, 8RS, EV 88.8 MPH) Nestor Moreno to second Runner from 2nd tries for 3rd, SAFE, throw by CF made to third
|
|
Batting: RHB James Sanfilippo
|
0-0: Swinging Strike 0-1: Ball 1-1: Called Strike 1-2: Foul Ball, location: 2F 1-2: Foul Ball, location: 2F 1-2: Strikes out swinging
|
|
Batting: RHB Steven Spalt
|
0-0: Ball 1-0: Fly out, F9 (Flyball, 9LD, EV 97.5 MPH) Runner from 3rd tags up, SCORES, no throw by RF
|
|
Pitching: LHP Al Bowlin
|
|
|
Batting: RHB Jay Roberts
|
0-0: Ball 1-0: Foul Ball, location: 2F 1-1: Swinging Strike 1-2: Ball 2-2: Foul Ball, location: 2F 2-2: Strikes out swinging
|
| Top of the 5th over - 1 run, 1 hit, 0 errors, 1 left on base; Lewiston 5 - Tri-City 1 |
| BOTTOM OF THE 5TH |
|
Tri-City Dust Devils batting - Pitching for Lewiston Broncs : RHP Wray Bergendahl
|
|
Batting: RHB Felipe Hernandez
|
0-0: Called Strike 0-1: Ball 1-1: Ground out 4-3 (Groundball, 4M, EV 96.3 MPH)
|
|
Batting: RHB Jeff DeWillis
|
0-0: Ball 1-0: Called Strike 1-1: Ball 2-1: SINGLE (Line Drive, 8RS, EV 88.8 MPH)
|
|
Batting: LHB LaVel Freeman
|
0-0: Called Strike 0-1: Ball 1-1: Ball 2-1: Foul Ball, location: 2F 2-2: Ball 3-2: Base on Balls Jeff DeWillis to second
|
|
Batting: RHB Dave Lebeau
|
0-0: Called Strike 0-1: Called Strike 0-2: Strikes out swinging
|
|
Batting: RHB Mark Van Blaricom
|
0-0: Ball 1-0: Reached on error, E5 (Groundball, 56S, EV 84.4 MPH) Jeff DeWillis to third LaVel Freeman to second
|
|
Batting: RHB Robert Martinez
|
0-0: Called Strike 0-1: Ball 1-1: Swinging Strike 1-2: Foul Ball, location: 2F 1-2: Foul Ball, location: 2F 1-2: Strikes out looking
|
| Bottom of the 5th over - 0 runs, 1 hit, 1 error, 3 left on base; Lewiston 5 - Tri-City 1 |
| TOP OF THE 6TH |
|
Lewiston Broncs batting - Pitching for Tri-City Dust Devils : LHP Al Bowlin
|
|
Batting: LHB Wayne Kirby
|
0-0: Called Strike 0-1: Called Strike 0-2: Ball 1-2: Ball 2-2: Ball 3-2: Strikes out looking
|
|
Batting: LHB Alex Hernandez
|
0-0: Foul Ball, location: 2F 0-1: Ball 1-1: Foul Ball, location: 2F 1-2: SINGLE (Groundball, 56D, EV 108.1 MPH)
|
|
Batting: RHB Jeff Kunkel
|
0-0: Swinging Strike 0-1: Swinging Strike 0-2: Ball 1-2: Foul Ball, location: 2F 1-2: Ball 2-2: Ball 3-2: Fly out, F3 (Popup, 34S, EV 83.8 MPH)
|
|
Batting: RHB Bruce Castoria
|
0-0: Called Strike 0-1: Ball 1-1: Swinging Strike 1-2: Ball 2-2: Strikes out swinging
|
| Top of the 6th over - 0 runs, 1 hit, 0 errors, 1 left on base; Lewiston 5 - Tri-City 1 |
| BOTTOM OF THE 6TH |
|
Tri-City Dust Devils batting - Pitching for Lewiston Broncs : RHP Wray Bergendahl
|
|
Batting: RHB Desmond Brooks
|
0-0: Called Strike 0-1: Foul Ball, location: 2F 0-2: Ball 1-2: Ball 2-2: Ball 3-2: Foul Ball, location: 2F 3-2: Strikes out looking
|
|
Batting: RHB J.B. Moore
|
0-0: Ground out 3-1 (Groundball, 34, EV 78.1 MPH)
|
|
Batting: LHB Kevin Jones
|
0-0: Called Strike 0-1: Ball 1-1: Ball 2-1: Called Strike 2-2: SINGLE (Groundball, 4D, EV 110.6 MPH)
|
|
Batting: RHB Felipe Hernandez
|
0-0: Ball 1-0: Foul Ball, location: 2F 1-1: Foul Ball, location: 2F 1-2: Foul Ball, location: 2F 1-2: SINGLE (Line Drive, 89S, EV 103.8 MPH) Kevin Jones to second Kevin Jones to third
|
|
Batting: RHB Jeff DeWillis
|
0-0: Ball 1-0: Fly out, F7 (Flyball, 7LM, EV 90.0 MPH)
|
| Bottom of the 6th over - 0 runs, 2 hits, 0 errors, 2 left on base; Lewiston 5 - Tri-City 1 |
| TOP OF THE 7TH |
|
Lewiston Broncs batting - Pitching for Tri-City Dust Devils : LHP Al Bowlin
|
|
Batting: LHB Nestor Moreno
|
0-0: Ball 1-0: Ball 2-0: Ball 3-0: Called Strike 3-1: SINGLE (Line Drive, 89M, EV 103.1 MPH)
|
|
Batting: RHB Sal D'Alessandro
|
0-0: Ball Wild Pitch! Nestor Moreno to second 1-0: Intentional Walk
|
|
Batting: RHB James Sanfilippo
|
0-0: Reached on error, E6 (Groundball, 6, EV 90.0 MPH) Nestor Moreno to third Sal D'Alessandro to second
|
|
Batting: RHB Steven Spalt
|
0-0: Foul Ball, location: 2F 0-1: Foul Ball, location: 2F 0-2: Ball 1-2: Foul Ball, location: 2F 1-2: Ball 2-2: Strikes out swinging
|
|
Batting: RHB Jay Roberts
|
0-0: Called Strike 0-1: Foul Ball, location: 2F 0-2: Foul Ball, location: 2F 0-2: Strikes out swinging
|
|
Batting: LHB Wayne Kirby
|
0-0: Foul Ball, location: 2F 0-1: Ground out U3 (Groundball, 3, EV 101.9 MPH)
|
| Top of the 7th over - 0 runs, 1 hit, 1 error, 3 left on base; Lewiston 5 - Tri-City 1 |
| BOTTOM OF THE 7TH |
|
Tri-City Dust Devils batting - Pitching for Lewiston Broncs : RHP Wray Bergendahl
|
|
Batting: LHB LaVel Freeman
|
0-0: Ball 1-0: Ball 2-0: Called Strike 2-1: Called Strike 2-2: Ball 3-2: Reached on error, E7 (Line Drive, 7, EV 103.8 MPH)
|
|
Batting: RHB Dave Lebeau
|
0-0: Ball 1-0: Fly out, F4 (Popup, 4, EV 80.0 MPH)
|
|
Batting: RHB Mark Van Blaricom
|
0-0: Ball 1-0: Swinging Strike 1-1: Ball 2-1: Foul Ball, location: 2F 2-2: Ball 3-2: Foul Ball, location: 2F 3-2: Foul Ball, location: 2F 3-2: Foul Ball, location: 2F 3-2: Strikes out swinging
|
|
Batting: RHB Robert Martinez
|
0-0: Fly out, F3 (Popup, 3SF, EV 66.3 MPH)
|
| Bottom of the 7th over - 0 runs, 0 hits, 1 error, 1 left on base; Lewiston 5 - Tri-City 1 |
| TOP OF THE 8TH |
|
Lewiston Broncs batting - Pitching for Tri-City Dust Devils : LHP Al Bowlin
|
|
Batting: LHB Alex Hernandez
|
0-0: Ball 1-0: Fly out, F8 (Flyball, 8RM, EV 91.9 MPH)
|
|
Batting: RHB Jeff Kunkel
|
0-0: Ball 1-0: Called Strike 1-1: Called Strike 1-2: Strikes out swinging
|
|
Batting: RHB Bruce Castoria
|
0-0: Ball 1-0: Called Strike 1-1: Foul Ball, location: 2F 1-2: Ground out 4-3 (Groundball, 4MD, EV 80.6 MPH)
|
| Top of the 8th over - 0 runs, 0 hits, 0 errors, 0 left on base; Lewiston 5 - Tri-City 1 |
| BOTTOM OF THE 8TH |
|
Tri-City Dust Devils batting - Pitching for Lewiston Broncs : RHP Wray Bergendahl
|
|
Batting: RHB Desmond Brooks
|
0-0: Ball 1-0: Ball 2-0: Ball 3-0: Base on Balls
|
|
Batting: RHB J.B. Moore
|
0-0: Ball 1-0: Foul Ball, location: 2F 1-1: Swinging Strike 1-2: Foul Ball, location: 2F 1-2: Strikes out looking
|
|
Batting: LHB Kevin Jones
|
0-0: SINGLE (Line Drive, 8LS, EV 107.5 MPH) Desmond Brooks to second
|
|
Batting: RHB Felipe Hernandez
|
0-0: Fly out, F4 (Popup, 23, EV 86.3 MPH)
|
|
Batting: RHB Jeff DeWillis
|
0-0: Ball 1-0: Ball 2-0: Ball 3-0: Base on Balls Desmond Brooks to third Kevin Jones to second
|
|
Batting: LHB LaVel Freeman
|
0-0: Ball 1-0: Called Strike 1-1: Foul Ball, location: 2F 1-2: Ball 2-2: Ball 3-2: SINGLE (Groundball, 6MD, EV 101.9 MPH) Desmond Brooks scores Kevin Jones to third Jeff DeWillis to second Kevin Jones scores Jeff DeWillis to third
|
|
Batting: RHB Dave Lebeau
|
0-0: Ball 1-0: Foul Ball, location: 2F 1-1: Foul Ball, location: 2F 1-2: Ball 2-2: SINGLE (Line Drive, 78S, EV 96.9 MPH) Jeff DeWillis scores LaVel Freeman to second Runner from 2nd tries for 3rd, SAFE, no throw by LF
|
|
Batting: RHB Mark Van Blaricom
|
0-0: Foul Ball, location: 2F 0-1: Called Strike 0-2: Fielders Choice at 2nd, 5-4 (Groundball, 56, EV 83.8 MPH)
|
| Bottom of the 8th over - 3 runs, 3 hits, 0 errors, 2 left on base; Lewiston 5 - Tri-City 4 |
| TOP OF THE 9TH |
|
Lewiston Broncs batting - Pitching for Tri-City Dust Devils : LHP Al Bowlin
|
|
Batting: LHB Nestor Moreno
|
0-0: Ball 1-0: Single, Error in OF, E7, batter to second base (Line Drive, 6D, EV 94.4 MPH)
|
|
Batting: RHB Sal D'Alessandro
|
0-0: Intentional Walk
|
|
Pitching: LHP Rick Odekirk
|
|
|
Batting: RHB James Sanfilippo
|
0-0: Called Strike 0-1: Grounds into double play, 4-6-3 (Groundball, 34, EV 88.8 MPH) Nestor Moreno to third
|
|
Batting: RHB Steven Spalt
|
0-0: Intentional Walk
|
|
Batting: RHB Jay Roberts
|
0-0: Called Strike 0-1: Ball 1-1: Ball 2-1: Swinging Strike 2-2: Strikes out looking
|
| Top of the 9th over - 0 runs, 1 hit, 1 error, 2 left on base; Lewiston 5 - Tri-City 4 |
| BOTTOM OF THE 9TH |
|
Tri-City Dust Devils batting - Pitching for Lewiston Broncs : RHP Wray Bergendahl
|
|
Pitching: LHP Brian Householder
|
|
|
Now in RF: Tony Cordova
|
|
|
Batting: RHB Robert Martinez
|
0-0: Called Strike 0-1: Fly out, F9 (Flyball, 89XD, EV 100.6 MPH)
|
|
Batting: RHB Desmond Brooks
|
0-0: Called Strike 0-1: Swinging Strike 0-2: Ball 1-2: Strikes out looking
|
|
Batting: RHB J.B. Moore
|
0-0: Ball 1-0: Foul Ball, location: 2F 1-1: Reached on error, E6 (Groundball, 56, EV 98.1 MPH)
|
|
Batting: LHB Kevin Jones
|
0-0: Called Strike 0-1: Ball 1-1: Ball 2-1: Ground out 4-3 (Groundball, 4MS, EV 81.9 MPH)
|
| Bottom of the 9th over - 0 runs, 0 hits, 1 error, 1 left on base; Lewiston 5 - Tri-City 4 |
|